 Dungeon Crawl Stone Soup version 0.26-a0-259-g1effd001a9 (webtiles) character file.

Game seed: 121423398456885211

154 gruber the Digger (level 5, -5/31 HPs)
             Began as an Octopode Earth Elementalist on July 27, 2020.
             Slain by a gnoll
             ... wielding a +0 halberd
              (11 damage)
             ... on level 3 of the Dungeon.
             The game lasted 00:03:35 (3105 turns).

gruber the Digger (Octopode Earth Elementalist)     Turns: 3105, Time: 00:03:35

Health: -5/31      AC:  1    Str:  8    XL:     5   Next: 36%
Magic:  4/8        EV: 13    Int: 18    God:
Gold:   109        SH:  0    Dex: 12    Spells: 4/8 levels left

rFire    . . .     SeeInvis .   i - +1 falchion (elec)
rCold    . . .     Faith    .   (no shield)
rNeg     . . .     Spirit   .   (helmet restricted)
rPois    .         Reflect  .   (no amulet)
rElec    .         Harm     .   g - ring of teleportation (curse)
rCorr    .         Rnd*Tele +   (no ring)
MR       .....                  (no ring)
Stlth    +++.......             (no ring)
HPRegen  0.10/turn              (no ring)
MPRegen  0.11/turn              (no ring)
                                (no ring)
                                (no ring)

@: no status effects
A: almost no armour, stealthy swim, amphibious, 8 rings, constrict 8, camouflage
1, gelatinous body 1
a: no special abilities


You were on level 3 of the Dungeon.
You were not hungry.

You visited 1 branch of the dungeon, and saw 3 of its levels.

You collected 109 gold pieces.

Inventory:

Hand Weapons
 h - a +2 short sword of holy wrath
 i - a +1 falchion of electrocution (weapon)
Missiles
 b - 23 stones (quivered)
Jewellery
 g - a cursed ring of teleportation (left tentacle)
 m - an uncursed amulet of guardian spirit {unknown}
Scrolls
 a - 2 scrolls of identify
 d - a scroll of teleportation
 e - a scroll of blinking {unknown}
 j - a scroll of enchant armour
 k - a scroll of fear {unknown}
 l - a scroll of immolation {unknown}
 n - a scroll of fog {unknown}
Potions
 f - a potion of brilliance
Comestibles
 c - 4 rations


   Skills:
 - Level 2.0 Dodging
 - Level 2.6 Stealth
 - Level 2.0 Spellcasting
   Level 1.0 Transmutations
 + Level 5.9 Earth Magic


You had 4 spell levels left.
You knew the following spells:

 Your Spells              Type           Power        Failure   Level
a - Sandblast             Erth           ###...       1%          1
b - Stone Arrow           Conj/Erth      ##....       16%         3

Your spell library contained the following spells:

 Spells                   Type           Power        Failure   Level
 Passwall                 Tmut/Erth      ##......     7%          2
 Petrify                  Tmut/Erth      ##......     41%         4
 Lee's Rapid Deconstruct  Erth           ###.......   41%         5


Dungeon Overview and Level Annotations

Branches:
Dungeon (3/15)

Altars:
Trog
Uskayaw

Portals:
Sewer: D:3

Annotations:
D:3 Jessica


Innate Abilities, Weirdness & Mutations

You cannot wear most types of armour.
You are very stealthy in the water. (Stealth+)
You are amphibious.
You can wear up to eight rings at the same time.
You can use your tentacles to constrict eight enemies at once.
Your skin changes colour to match your surroundings (Stealth+).
Your rubbery body absorbs attacks. (AC +1, EV +1)


Message History

The giant cockroach bites you but does no damage.
The rat barely misses you. The gnoll barely misses you.
The giant cockroach bites you.
* * * LOW HITPOINT WARNING * * *
The rat bites you.
* * * LOW HITPOINT WARNING * * *
Jessica hits you with a +0 dagger.
* * * LOW HITPOINT WARNING * * *
Unknown command.
Casting: Sandblast (safe; 1% risk of failure)
Confirm with . or Enter, or press ? or * to list all spells.
Aiming: Sandblast (safe; 1% risk of failure)
Press: ? - help, Shift-Dir - straight line, f - rat
Aim: a rat The blast of sand hits the rat.
You kill the rat!
b - 23 stones You constrict the gnoll, but do no damage.
The gnoll hits you with a +0 halberd!
You die...

#.#.# #.##.#####.###.
#.#.# ####g##.. ?. #.#.#
#....###. #.#.# #$#### .
###.#)# #.# ......# #.#
.<..#.# #.# #####.#
####g## #.# #...b@#
#####.######...@s#
...<......#.....l......#
###.#....>......[#######
#.#.###.#......# #.#.# #
#.##..## ###.#.# #. #..#
....... [ ... ###....
###.


You could see a gnoll, Jessica, a giant cockroach, a bat and a frilled lizard.

Vanquished Creatures
  An orc wizard (D:3)
  Robin (D:2)
  An adder (D:3)
  An ooze (D:2)
  A worm (D:2)
  2 leopard geckos
  8 orcs (D:3)
  7 giant cockroaches
  17 goblins
  10 hobgoblins
  5 jackals
  7 kobolds
  A quokka (D:2)
  10 bats
  2 frilled lizards
  5 rats
79 creatures vanquished.

Notes
Turn   | Place    | Note
-------+----------+-------------------------------------------
     0 | D:1      | gruber the Octopode Earth Elementalist began the quest for
                  | the Orb.
     0 | D:1      | Reached XP level 1. HP: 11/11 MP: 3/3
   439 | D:1      | Reached XP level 2. HP: 4/17 MP: 0/5
  1260 | D:1      | Reached skill level 4 in Earth Magic
  1311 | D:1      | Reached XP level 3. HP: 20/21 MP: 6/6
  1513 | D:1      | Learned a level 3 spell: Stone Arrow
  1648 | D:2      | Noticed Robin
  2124 | D:2      | Killed Robin
  2207 | D:2      | Reached XP level 4. HP: 26/27 MP: 7/7
  2291 | D:2      | Found a bloodstained altar of Trog.
  2331 | D:2      | Reached skill level 5 in Earth Magic
  2931 | D:3      | Reached XP level 5. HP: 14/31 MP: 0/8
  3029 | D:3      | Noticed Jessica
  3077 | D:3      | Found a hide-covered altar of Uskayaw.
  3077 | D:3      | Found a glowing drain.
  3105 | D:3      | Slain by a gnoll

Illustrated notes

Levels and vault maps discovered:
D:1:      kennysheep_arrival_seaside, layout_basic
D:2:      layout_loops_ring, nicolae_overflow_crystal_walls, st_stairs_9,
          uniq_robin
D:3:      minmay_angry_zag, layout_loops_ring, eat_drink_and_be_merry_uskayaw,
          nicolae_overflow_hidden_temple, cheibrodos_sewer_entry_drain,
          first_ration, minmay_goblin_outpost, uniq_jessica

Skill      XL: |  1  2  3  4 |
---------------+-------------+-----
Earth Magic    | 4 5 |  5.9
Dodging        | |  2.0
Stealth        | |  2.6
Spellcasting   | |  2.0
Transmutations | |  1.0

Action                   |  1- 3 |  4- 6 || total
-------------------------+-------+-------++-------
Melee: Unarmed           |    47 |       ||    47
       Constrict         |    19 |    21 ||    40
       Tentacles         |    15 |     7 ||    22
       Falchion          |     8 |    50 ||    58
       Short sword       |     5 |       ||     5
 Cast: Sandblast         |    20 |    17 ||    37
  Use: Scroll            |       |     3 ||     3
 Stab: Sleeping          |     7 |     5 ||    12
  Eat: Ration            |     1 |     1 ||     2
Armor: Skin              |     8 |    14 ||    22
Dodge: Dodged            |    47 |    58 ||   105
       Rpst.: Falchion   |     2 |    18 ||    20

Table legend:
 A = Non-vault XP
 B = Vault XP
 C = Vault XP percentage of total XP
 D = Non-vault monster count
 E = Vault monster count
 F = Vault count percentage of total count
                 A         B        C        D         E       F
            +---------+---------+-------+---------+---------+-------
      Total |     170 |      51 |  23.1 |      60 |      19 |  24.1
            +---------+---------+-------+---------+---------+-------
        D:1 |      34 |       8 |  19.0 |      20 |       4 |  16.7
        D:2 |      45 |      32 |  41.6 |      21 |       9 |  30.0
        D:3 |      91 |      11 |  10.8 |      19 |       6 |  24.0
            +---------+---------+-------+---------+---------+-------
